 Dungeon Crawl Stone Soup version 0.31-a0-102-g33a4ccc0cb (webtiles) character file.

Game seed: 17687461448167930637

443 Zonian the Insei (level 7, -1/46 HPs)
             Began as an Octopode Transmuter on May 27, 2023.
             Slain by a sky beast (6 damage)
             ... on level 4 of the Dungeon.
             The game lasted 00:10:52 (3848 turns).

Zonian the Insei (Octopode Transmuter)              Turns: 3848, Time: 00:10:53

Health: -1/46      AC:  1    Str: 11    XL:     7   Next: 2%
Magic:  12/12      EV: 14    Int: 15    God:
Gold:   67         SH:  0    Dex: 13    Spells: 11/12 levels left

rFire   . .          .
                       - Unarmed
rCold   . . .        (no shield)
rNeg    . . .        (helmet restricted)
rPois   .            (no amulet)
rElec   .            l - ring of willpower
rCorr   .            (no ring)
SInv    .            (no ring)
Will    +....        (no ring)
Stlth   ++           (no ring)
HPRegen 0.27/turn    (no ring)
MPRegen 0.13/turn    (no ring)
                     (no ring)

%: no passive effects
@: no status effects
A: almost no armour, amphibious, 8 rings, camouflage 1, gelatinous body 1,
(nimble swimmer 1), tentacles
a: no special abilities


You were on level 4 of the Dungeon.
You visited 1 branch of the dungeon, and saw 4 of its levels.

You collected 179 gold pieces.
You spent 112 gold pieces at shops.

Inventory:

Hand Weapons
 b - a +0 dagger
 d - a +0 morningstar
 e - a +0 sling
Missiles
 m - 9 poisoned darts
Jewellery
 l - a ring of willpower (left tentacle)
Scrolls
 i - a scroll of fog {unknown}
 j - a scroll of summoning {unknown}
 n - 3 scrolls of vulnerability {unknown}
 p - 2 scrolls of amnesia
 q - 2 scrolls of enchant weapon {unknown}
 r - a scroll of enchant armour {unknown}
 t - 3 scrolls of identify
Potions
 a - a potion of lignification
 c - 3 potions of attraction
 f - a potion of ambrosia
 h - 3 potions of curing
 k - a potion of haste
 o - a potion of invisibility {unknown}
 s - a potion of mutation {unknown}


   Skills:
 + Level 3.1 Fighting
 + Level 3.6 Dodging
 + Level 4.3 Unarmed Combat
 + Level 3.3 Spellcasting
 + Level 3.6 Transmutations


You had 11 spell levels left.
You knew the following spells:

 Your Spells              Type           Power      Damage    Failure   Level
a - Beastly Appendage     Tmut           26%        N/A       4%          1

Your spell library contained the following spells:

 Spells                   Type           Power      Damage    Failure   Level
 Wereblood                Tmut           13%        N/A       7%          2
 Apportation              Tloc           4%         N/A       19%         1
 Necrotise                Necr           8%         1d4       19%         1
 Summon Small Mammal      Summ           8%         N/A       19%         1
 Spider Form              Tmut/Pois      6%         N/A       32%         3
 Ozocubu's Armour         Ice            2%         N/A       50%         3
 Ice Form                 Ice/Tmut       6%         N/A       73%         4
 Blade Hands              Tmut           6%         N/A       77%         5
 Leda's Liquefaction      Hex/Erth       0%         N/A       92%         4
 Irradiate                Conj/Tmut      3%         3d12      97%         5
 Lee's Rapid Deconstruct  Erth           1%         3d4*      99%         5
 Metabolic Englaciation   Hex/Ice        0%         N/A       99%         5
 Leda's Unmaking          Conj/Erth      0%         9d1       100%        6
 Simulacrum               Ice/Necr       0%         N/A       100%        6
 Statue Form              Tmut/Erth      4%         N/A       100%        6
 Dragon Form              Tmut           6%         N/A       100%        7


Dungeon Overview and Level Annotations

Branches:
Dungeon (4/15)
 Temple: D:4-7

Altars:
Qazlal
The Shining One

Shops:
D:1 =:*(


Innate Abilities, Weirdness & Mutations

You cannot wear most types of armour.
You are amphibious.
You can wear up to eight rings at the same time.
Your skin changes colour to match your surroundings (Stealth+).
Your rubbery body absorbs attacks. (AC +1, EV +1)
((You are camouflaged when in or above water. (Stealth+)))
You have tentacles for arms and can constrict up to eight enemies at once.


Message History

A sky beast is nearby!
Unknown command.
The sky beast flickers out of sight!
Deactivating autopickup; reactivate with Ctrl-A.
Unknown command.
Something hits you. Something shocks you.
* * * LOW HITPOINT WARNING * * *
Unknown command.
You closely miss something. Something hits you.
* * * LOW HITPOINT WARNING * * *
Something shocks you.
* * * LOW HITPOINT WARNING * * *
Unknown command.
You feel much better. Something barely misses you.
You closely miss something. Your squeeze misses something. Something hits you.
Something shocks you.
You feel much better. Something hits you. Something shocks you.
You tentacle-slap something. Something hits you. Something shocks you.
You miss something. Something hits you. Something shocks you.
* * * LOW HITPOINT WARNING * * *
You feel much better. Something hits you. Something shocks you.
You miss something. Your squeeze misses something. Something barely misses you.
You tentacle-slap something. Your squeeze misses something. Something hits you.
Something shocks you.
You tentacle-slap something. You squeeze something.
Something barely misses you.
You bludgeon something! Something hits you. Something shocks you.
You miss something. You miss something. You tentacle-slap something.
Something hits you.
* * * LOW HITPOINT WARNING * * *
Something shocks you.
* * * LOW HITPOINT WARNING * * *
You feel better. Something hits you. Something shocks you.
* * * LOW HITPOINT WARNING * * *
You tentacle-slap something. Something barely misses you.
You closely miss something. Something completely misses you.
You miss something. Your squeeze misses something. Something hits you.
* * * LOW HITPOINT WARNING * * *
Something shocks you.
You die...

#########.......+................
#.##.......##....#...##....#
#..........##....#..........
#####.##+########....#..####.###
#.............# ####............
#.............# #.#..####.###
#........§....# #...###.# #
#........§§§..######.#...#...###
#....>.D..§..§+@{...............
#.......§§§§§.######.##...<.....
##.............# .......#######
...............# ....... .
...............# ......# #
.....########### ...... .....#
...... ≈....# ..).. ≈..... .....


There were no monsters in sight!

Vanquished Creatures
  Grinder (D:3)
  A jelly (D:2)
  An iguana (D:4)
  Natasha (twice) (D:2)
  Terence (D:2)
  5 adders
  2 worms (D:2)
  2 dart slugs
  3 orcs (D:3)
  3 ball pythons
  2 bats
  2 endoplasms (D:3)
  4 giant cockroaches
  8 goblins
  6 hobgoblins
  6 jackals
  3 frilled lizards
  4 kobolds (D:1)
  2 rats
58 creatures vanquished.

Notes
Turn   | Place    | Note
-------+----------+-------------------------------------------
     0 | D:1      | Zonian the Octopode Transmuter began the quest for the Orb.
     0 | D:1      | Reached XP level 1. HP: 13/13 MP: 3/3
   167 | D:1      | Reached XP level 2. HP: 14/18 MP: 5/5
   397 | D:1      | Found Nalifim's Jewellery Shoppe.
   413 | D:1      | Found Coxt's Book Shop.
   639 | D:1      | Found Vyq Tomu's Assorted Antiques.
   642 | D:1      | Bought a glowing silvery potion for 17 gold pieces
   699 | D:1      | Found Suiff's Antique Weapon Emporium.
  1202 | D:2      | Noticed Terence
  1214 | D:2      | Killed Terence
  1215 | D:2      | Reached XP level 3. HP: 24/24 MP: 6/6
  1570 | D:2      | Reached XP level 4. HP: 9/29 MP: 7/7
  1878 | D:1      | Bought a bronze ring for 95 gold pieces
  2107 | D:2      | Noticed Natasha
  2117 | D:2      | Killed Natasha
  2118 | D:2      | Reached XP level 5. HP: 23/34 MP: 6/9
  2338 | D:2      | Noticed Natasha
  2363 | D:2      | Killed Natasha
  2740 | D:3      | Found a faded altar of an unknown god.
  2747 | D:3      | Noticed Grinder
  2929 | D:3      | Found a glowing golden altar of the Shining One.
  3016 | D:3      | Killed Grinder
  3017 | D:3      | Reached skill level 4 in Unarmed Combat
  3017 | D:3      | Reached XP level 6. HP: 13/42 MP: 10/10
  3310 | D:3      | Found a stormy altar of Qazlal.
  3502 | D:4      | Reached XP level 7. HP: 28/46 MP: 12/12
  3803 | D:4      | Noticed a steam dragon
  3832 | D:4      | HP: 2/46 [something (5)]
  3848 | D:4      | Slain by a sky beast

Illustrated notes

Levels and vault maps discovered:
D:1:      scummos_arrival_simple_crosswalls, layout_basic, serial_shops,
          nicolae_shop_just_a_little_nook, shop, shop,
          nicolae_shop_tiny_real_fake_doors, grunt_decor_cap
D:2:      layout_basic, uniq_natasha, uniq_terence
D:3:      layout_basic, nicolae_overflow_crystal_walls, tso_oasis_becter,
          chequers_ecumenical_altar_simple_redux, uniq_grinder
D:4:      minmay_chambers_of_fours, layout_basic,
          nicolae_ru_sacrificial_ziggurat, nicolae_overflow_two_pavilions,
          kennysheep_generic_room_6

Skill      XL: |  1  2  3  4  5 |
---------------+----------------+-----
Fighting       | 2 3 |  3.1
Dodging        | 3 |  3.6
Transmutations | 3 |  3.6
Unarmed Combat | 4 |  4.3
Spellcasting   | 3 |  3.3

Action                     |  1- 3 |  4- 6 |  7- 9 || total
---------------------------+-------+-------+-------++-------
  Melee: Unarmed           |    48 |    79 |    18 ||   145
         Constrict         |    15 |    21 |     2 ||    38
         Tentacles         |     9 |    17 |     2 ||    28
         Punch             |     1 |     2 |     2 ||     5
         Kick              |       |    22 |       ||    22
   Fire: Sling             |       |     9 |       ||     9
   Cast: Beastly Appendage |       |    14 |       ||    14
    Use: Potion            |     1 |       |     4 ||     5
         Scroll            |       |     6 |       ||     6
   Stab: Sleeping          |     9 |     6 |     2 ||    17
 Armour: Skin              |       |     7 |       ||     7
  Dodge: Dodged            |    25 |    33 |     6 ||    64

Table legend: (Time is in decaauts)
 A = Elapsed time spent in this place.
 B = Non-inter-level travel time spent in this place.
 C = Inter-level travel time spent in this place.
 D = Time resting spent in this place.
 E = Time spent auto-exploring this place.
 F = Levels seen in this place.
 G = Mean time per level.
                   A        B        C        D        E       F      G
               +--------+--------+--------+--------+--------+-----+--------+
         Total |   3840 |   3714 |    126 |    999 |   1890 |   4 |  960.0 |
       Dungeon |   3840 |   3714 |    126 |    999 |   1890 |   4 |  960.0 |
               +--------+--------+--------+--------+--------+-----+--------+

Top non-repeatable levels by time:
     D:2: 1313 daAuts
     D:1: 1153 daAuts
     D:3: 1000 daAuts
     D:4: 371 daAuts
